 Dungeon Crawl Stone Soup version 0.29.1-1-gd02db6906a (webtiles) character file.

Game seed: 14083991569211170450

40512 Badistic the Severer (level 13, -16/128 HPs)
             Began as a Minotaur Fighter on Oct 7, 2022.
             Was an Elder of Wu Jian.
             Demolished by an orc warlord
             ... wielding a +0 battleaxe
              (39 damage)
             ... on level 15 of the Dungeon.
             The game lasted 00:34:51 (15781 turns).

Badistic the Severer (Minotaur Fighter)            Turns: 15781, Time: 00:34:52

Health: -16/128    AC: 30    Str: 22    XL:     13   Next: 75%
Magic:  12/12      EV:  8    Int:  4    God:    Wu Jian [****..]
Gold:   1118       SH:  8    Dex: 21    Spells: 12/12 levels left

rFire   . . .      SeeInvis +   q - +4 broad axe (vamp)
rCold   . . .      Faith    .   c - +0 buckler
rNeg    . . .      Spirit   .   C - +5 chain mail
rPois   .          Reflect  .   P - +2 hat {SInv}
rElec   +          Harm     .   (no cloak)
rCorr   .          Rampage  .   A - +1 pair of gloves of Dishonesty {rElec Will++ Int-3 Dex+3}
Will    ++...                   D - +2 pair of boots
Stlth   ..........              e - amulet of the acrobat
HPRegen 0.31/turn               h - +6 ring of dexterity
MPRegen 0.13/turn               H - +4 ring of protection

@: on berserk cooldown, slowed, very slow
A: horns 2, retaliatory headbutt
a: Renounce Religion, Wall Jump, Serpent's Lash


You were on level 15 of the Dungeon.
You worshipped Wu Jian.
Wu Jian was greatly pleased with you.
You visited 1 branch of the dungeon, and saw 15 of its levels.
You also visited: Ossuary.

You collected 1215 gold pieces.
You spent 97 gold pieces at shops.

Inventory:

Hand Weapons
 q - a +4 vampiric broad axe (weapon)
 u - a +1 morningstar of draining
Armour
 c - a +0 buckler (worn)
 A - the +1 pair of gloves of Dishonesty (worn) {rElec Will++ Int-3 Dex+3}
   (You found it on level 5 of the Dungeon)

   Int:       It affects your intelligence (-3).
   Dex:       It affects your dexterity (+3).
   rElec:     It insulates you from electricity.
   Will:      It greatly increases your willpower.
 C - a +5 chain mail (worn)
 D - a +2 pair of boots (worn)
 P - a +2 hat of see invisible (worn)
Jewellery
 b - a +6 ring of dexterity
 e - an amulet of the acrobat (around neck)
 h - a +6 ring of dexterity (left hand)
 m - a ring of willpower
 E - a ring of ice
 H - a +4 ring of protection (right hand)
 N - a +4 ring of evasion
 Q - a ring of positive energy
Wands
 i - a wand of acid (35)
 o - a wand of paralysis (7)
 p - a wand of roots (25)
 F - a wand of polymorph (8)
 I - a wand of mindburst (20)
 L - a wand of flame (10)
Scrolls
 d - 2 scrolls of fog
 g - 6 scrolls of fear
 r - 8 scrolls of magic mapping
 t - 4 scrolls of amnesia
 w - 5 scrolls of teleportation
 y - 4 scrolls of blinking
Potions
 j - 2 potions of mutation
 k - 9 potions of lignification
 l - 4 potions of curing
 n - 2 potions of invisibility
 s - 2 potions of flight
 v - a potion of heal wounds
 x - 3 potions of haste
 G - 2 potions of berserk rage
 J - 3 potions of brilliance
 K - 2 potions of attraction
 M - a potion of cancellation
 R - a potion of magic {unknown}
Miscellaneous
 z - a piece from Xom's chessboard (15/15)
 O - a lightning rod (4/4)


   Skills:
 + Level 16.0 Fighting
 - Level 16.0 Axes
 + Level 14.7 Armour
 + Level 11.7 Shields


You had 12 spell levels left.
You didn't know any spells.
Your spell library contained the following spells:

 Spells                   Type           Power      Damage    Failure   Level
 Freeze                   Ice            0%         1d3       97%         1
 Sting                    Tmut/Pois      0%         1d3       97%         1
 Summon Small Mammal      Summ           0%         N/A       97%         1
 Poisonous Vapours        Pois/Air       0%         N/A       99%         2
 Call Canine Familiar     Summ           0%         N/A       100%        3
 Confusing Touch          Hex            0%         N/A       100%        3
 Frozen Ramparts          Ice            0%         1d1       100%        3
 Ozocubu's Armour         Ice            0%         N/A       100%        3
 Summon Guardian Golem    Hex/Summ       0%         N/A       100%        3
 Anguish                  Hex/Necr       0%         N/A       100%        4
 Corpse Rot               Necr/Pois/Air  0%         N/A       100%        4
 Hailstorm                Conj/Ice       0%         3d3       100%        4
 Olgreb's Toxic Radiance  Pois           0%         N/A       100%        4
 Petrify                  Tmut/Erth      0%         N/A       100%        4
 Metabolic Englaciation   Hex/Ice        0%         N/A       100%        5
 Yara's Violent Unravell  Hex/Tmut       0%         3d3       100%        5
 Statue Form              Tmut/Erth      0%         N/A       100%        6
 Enfeeble                 Hex            0%         N/A       100%        7
 Ozocubu's Refrigeration  Ice            0%         4d7       100%        7


Dungeon Overview and Level Annotations

Branches:
Dungeon (15/15)            Temple (0/1) D:5            Lair (0/5) D:9
    Orc (0/2) D:11         Vaults (0/5) D:13         Depths (0/4) D:15
Ossuary (visited)

Altars:
Dithmenos
Nemelex Xobeh
Qazlal
Ru
Wu Jian
The Shining One

Shops:
D:4 ?

Annotations:
D:5 3 runed translucent doors, JanusColdHeart's ghost, novice TeCj
D:6 1 transporter


Innate Abilities, Weirdness & Mutations

You have a pair of horns on your head.
You reflexively headbutt those who attack you in melee.


Message History

The orc warlord roars a battlecry!
The orcs go into a battle-frenzy!
The ynoxinul gestures at you. The iron shot hits you!!
The orc high priest calls down the wrath of Beogh upon you.
Beogh smites you!
* * * LOW HITPOINT WARNING * * *
You hit the orc warlord but do no damage.
The orc warlord is lightly wounded.
You barely miss the ynoxinul.
The red devil disappears in a puff of smoke!
The orc no longer looks unusually strong.
The orc sorcerer no longer looks unusually strong.
The orc wizard no longer looks unusually strong.
You block the ynoxinul's attack.
You slash the orc warlord! You headbutt the orc warlord.
The orc warlord is moderately wounded.
You completely miss the ynoxinul.
The orc warrior no longer looks unusually strong.
The ynoxinul hits you but does no damage.
The orc sorcerer mumbles some strange words.
The orc knight roars a battlecry!
The orcs go into a battle-frenzy!
The orc warlord hits you with a +0 battleaxe!!
* * * LOW HITPOINT WARNING * * *
You feel much better.
The orc no longer looks unusually strong.
The ynoxinul hits you but does no damage.
The orc knight roars a battlecry!
The orc goes into a battle-frenzy!
The orc warlord hits you with a +0 battleaxe!
* * * LOW HITPOINT WARNING * * *
The orc sorcerer mumbles some strange words.
The soul eater hits you but does no damage.
The ynoxinul hits you but does no damage.
The orc high priest calls upon Beogh to heal the orc sorcerer.
The orc sorcerer is healed somewhat.
The orc sorcerer casts a spell.
The orc warlord hits you with a +0 battleaxe!!!
You die...

.#######.# #.##.####.#...###.(#
#.##....######..#.####.#####
#.)# ##.#............†..).#.###
#..# #.......#####..####.#...#
##..#
###################..#######....
.........####..p..##.....##..#
.8..8..8oo8########.......####
...4....o44o### #..#####..###
.......o44ooo@####).#...#..#..
..o.o...oooo#33..').#.>.)..###
.8.o8.)8oo8#####.#..#...#..#
......)..### #.#))#####..# #
########### #.##.......## #
#..######### #.###.....## #
#..........# #.# #######
##.#######.######.# ##.####
#.######.#....##.# #.....#


You could see an orc warlord (strong), an orc knight (strong), a soul eater
(summoned), an orc high priest (strong), 2 orange demons, a hellwing (summoned),
a rust devil (summoned), a ynoxinul (summoned), 2 orc sorcerers, 4 orc warriors,
an orc wizard (strong, invisible) and 4 orcs.

Vanquished Creatures
  Gastronok (D:11)
  Kirke (D:15)
  Louise (D:15)
  3 orc warlords (D:15)
  Snorg (D:12)
  2 boulder beetles
  2 hydras
  A catoblepas (D:13)
  Erica (D:8)
  4 centaur warriors
  A death knight (D:13)
  A two-headed ogre (D:11)
  Pikel (D:4)
  A wolf spider zombie (D:15)
  3 wizards
  4 deep elf pyromancers (D:15)
  An orc sorcerer (D:15)
  2 necromancers
  14 ugly things
  4 cyclopes
  A salamander (shapeshifter) (D:14)
  A manticore (D:15)
  A centaur zombie (D:15)
  Maurice (D:8)
  A naga mage (D:15)
  2 unseen horrors
  Maggie (D:8)
  A freezing wraith (D:13)
  A kobold demonologist (D:12)
  A centaur skeleton (D:15)
  A komodo dragon (D:12)
  9 trolls
  2 hornets
  A wyvern (shapeshifter) (D:15)
  12 yaks
  A wyvern (D:8)
  A basilisk (D:13)
  6 wraiths
  Grum (D:8)
  3 vampire mosquitoes (D:11)
  2 water moccasins
  5 orc warriors
  An ogre (D:6)
  15 centaurs
  6 wolves
  A phantom (D:6)
  2 lemures (D:4)
  A kobold brigand (D:8)
  3 bullfrogs
  6 scorpions
  A necrophage (D:7)
  4 water moccasin zombies (Ossuary)
  10 wights
  6 killer bees (D:8)
  4 electric eels (D:9)
  4 howler monkeys
  3 jellies
  2 gnoll boudas (D:9)
  An orc priest (D:3)
  6 hounds
  3 iguanas
  Ijyb (D:3)
  Terence (D:3)
  A boggart zombie (D:15)
  11 orc wizards
  Natasha (thrice) (D:2)
  2 mummies (Ossuary)
  11 gnolls
  9 adders
  5 shadow imps
  2 white imps
  An ufetubus (D:4)
  8 adder zombies (Ossuary)
  2 worms
  3 dart slugs
  51 orcs
  5 endoplasms
  7 giant cockroaches
  3 gnoll zombies (Ossuary)
  5 goblins
  4 hobgoblins
  9 jackals
  3 quokkas
  8 ball pythons
  8 bats
  3 frilled lizards
  4 hobgoblin zombies (Ossuary)
  12 kobolds
  5 kobold zombies (Ossuary)
  6 orc zombies (Ossuary)
  7 rats
383 creatures vanquished.

Vanquished Creatures (others)
  3 humans (D:15)
  A hobgoblin (D:3)
  A jackal (D:3)
  2 demonic plants (D:7)
  41 fungi
  4 toadstools (D:1)
52 creatures vanquished.

Grand Total: 435 creatures vanquished

Notes
Turn   | Place    | Note
-------+----------+-------------------------------------------
     0 | D:1      | Badistic the Minotaur Fighter began the quest for the Orb.
     0 | D:1      | Reached XP level 1. HP: 19/19 MP: 0/0
   169 | D:1      | Reached XP level 2. HP: 26/26 MP: 1/1
   401 | D:1      | Found a faded altar of an unknown god.
   576 | D:1      | Reached XP level 3. HP: 29/31 MP: 2/2
  1198 | D:2      | Reached skill level 5 in Axes
  1315 | D:2      | Noticed Natasha
  1324 | D:2      | Killed Natasha
  1325 | D:2      | Reached XP level 4. HP: 33/39 MP: 3/3
  1328 | D:2      | Noticed Natasha
  1333 | D:2      | Killed Natasha
  1452 | D:2      | Noticed Natasha
  1458 | D:2      | Killed Natasha
  1459 | D:2      | Reached XP level 5. HP: 27/45 MP: 4/4
  1700 | D:3      | Noticed Terence
  1707 | D:3      | Killed Terence
  2193 | D:3      | Noticed Ijyb
  2209 | D:3      | Killed Ijyb
  2210 | D:3      | Reached XP level 6. HP: 34/51 MP: 5/5
  2634 | D:3      | Found a stormy altar of Qazlal.
  2820 | D:4      | Noticed Pikel
  2828 | D:4      | Killed Pikel
  2829 | D:4      | Reached skill level 10 in Axes
  2829 | D:4      | Reached XP level 7. HP: 17/57 MP: 6/6
  3232 | D:4      | Found Ruganok's Magic Scroll Boutique.
  3244 | D:4      | Bought a scroll of enchant weapon for 97 gold pieces
  3649 | D:5      | Entered Level 5 of the Dungeon
  3674 | D:5      | Found a sand-covered staircase.
  3686 | Ossuary  | Entered an ossuary
  3797 | Ossuary  | Reached XP level 8. HP: 61/64 MP: 7/7
  3985 | D:5      | Found an ornate altar of the Wu Jian Council.
  3998 | D:5      | Identified the +1 pair of gloves of Dishonesty {rElec
                  | Will++ Int-3 Dex+3}
  4024 | D:5      | Became a worshipper of the Wu Jian Council
  4098 | D:5      | Found a runed translucent gate.
  4128 | D:5      | Found a runed translucent gate.
  4128 | D:5      | Found a runed translucent gate.
  4130 | D:5      | Noticed JanusColdHeart's ghost (novice TeCj)
  4413 | D:5      | Found a staircase to the Ecumenical Temple.
  4493 | D:5      | Found a glowing golden altar of the Shining One.
  4715 | D:6      | Found a sparkling altar of Nemelex Xobeh.
  4715 | D:6      | Found a transporter.
  4716 | D:6      | Noticed a two-headed ogre
  5086 | D:6      | Reached XP level 9. HP: 69/71 MP: 8/8
  5610 | D:7      | Identified the +2 robe "Piutziesh" {Regen+ Int+6}
  5677 | D:7      | Reached * piety under Wu Jian
  5847 | D:7      | Found a sacrificial altar of Ru.
  6180 | D:8      | Noticed Maggie
  6189 | D:8      | Killed Maggie
  6190 | D:8      | Reached skill level 5 in Fighting
  6346 | D:8      | Reached skill level 15 in Axes
  6495 | D:8      | Reached skill level 5 in Armour
  6542 | D:8      | Found the +7 Singing Sword {vorpal, sonic wave}
  6701 | D:8      | Reached XP level 10. HP: 64/83 MP: 9/9
  6822 | D:8      | Reached skill level 5 in Shields
  6851 | D:8      | Noticed Erica
  6852 | D:8      | Noticed Grum
  6861 | D:8      | Reached ** piety under Wu Jian
  6862 | D:8      | Killed Grum
  6866 | D:8      | Killed Erica
  7220 | D:8      | Noticed Maurice
  7233 | D:8      | Killed Maurice
  7942 | D:9      | Found a shadowy altar of Dithmenos.
  8086 | D:9      | Found a staircase to the Lair.
  8453 | D:9      | Reached XP level 11. HP: 97/97 MP: 10/10
  8559 | D:10     | Entered Level 10 of the Dungeon
  8959 | D:10     | Reached *** piety under Wu Jian
  9269 | D:11     | Noticed a boulder beetle
  9372 | D:10     | Killed a boulder beetle
  9562 | D:11     | Reached skill level 10 in Fighting
  9864 | D:11     | Noticed Gastronok
  9886 | D:11     | Killed Gastronok
  9887 | D:11     | Reached skill level 10 in Armour
 10117 | D:11     | Found a staircase to the Orcish Mines.
 10117 | D:11     | Noticed a seven-headed hydra
 10118 | D:11     | Noticed a two-headed ogre
 10135 | D:10     | Killed a 12-headed hydra
 10447 | D:11     | Killed a two-headed ogre
 11344 | D:12     | Noticed Snorg
 11357 | D:12     | Killed Snorg
 11358 | D:12     | Reached XP level 12. HP: 85/111 MP: 11/11
 11916 | D:13     | Noticed a centaur warrior
 11924 | D:13     | Killed a centaur warrior
 11929 | D:13     | Noticed a death knight
 11944 | D:13     | Killed a death knight
 12037 | D:13     | Reached **** piety under Wu Jian
 12148 | D:13     | Noticed a catoblepas
 12162 | D:13     | Killed a catoblepas
 12530 | D:13     | Noticed a centaur warrior
 12767 | D:13     | Found a gate to the Vaults.
 12797 | D:13     | Killed a centaur warrior
 12892 | D:13     | Noticed a centaur warrior
 12909 | D:13     | Killed a centaur warrior
 13545 | D:14     | Reached skill level 10 in Shields
 13711 | D:14     | Noticed a centaur warrior
 13754 | D:14     | Killed a centaur warrior
 13814 | D:14     | You fall into a shaft and drop 1 floor!
 13814 | D:15     | Entered Level 15 of the Dungeon
 13855 | D:15     | Reached XP level 13. HP: 123/123 MP: 12/12
 14206 | D:15     | Noticed Louise
 14227 | D:15     | Killed Louise
 14310 | D:15     | Noticed Kirke
 14315 | D:15     | Killed Kirke
 14815 | D:15     | Found a stormy altar of Qazlal.
 14948 | D:15     | Reached skill level 15 in Fighting
 15166 | D:15     | Found a runed translucent door.
 15243 | D:15     | Found a staircase to the Depths.
 15739 | D:15     | Noticed an orc warlord
 15740 | D:15     | Noticed an orc warlord
 15740 | D:15     | Noticed an orc warlord
 15741 | D:15     | Noticed an orc warlord
 15765 | D:15     | Killed an orc warlord
 15768 | D:15     | Killed an orc warlord
 15776 | D:15     | Killed an orc warlord
 15781 | D:15     | Demolished by an orc warlord

Illustrated notes

Levels and vault maps discovered:
D:1:      roderic_crossed_star, layout_rooms, chequers_ecumenical_altar_lobes,
          minmay_gold_behind_fungi, minmay_pentomino_s2
D:2:      layout_rooms, uniq_natasha
D:3:      layout_basic, mainiacjoe_overflow_alcove_2, uniq_ijyb, uniq_terence
D:4:      layout_rooms, serial_aquarium, aquarium_bridge_long_separate
          [aquarium_subvault_wall, aquarium_subvault_bridge,
          aquarium_subvault_wall, aquarium_subvault_bridge,
          aquarium_subvault_window, aquarium_subvault_window],
          aquarium_bridge_island_small [aquarium_subvault_small_open,
          aquarium_subvault_bridge, aquarium_subvault_bridge,
          aquarium_subvault_bridge, aquarium_subvault_wall], aquarium_window_2,
          aquarium_window_corridor_1, aquarium_view_2c, aquarium_view_2g,
          aquarium_balcony_5b, aquarium_pool_2, serial_shops, shop, uniq_pikel
D:5:      layout_basic, nzn_wu_jian_contemplation, tso_oasis_becter,
          minmay_temple_entry_tees, gammafunk_ghost_nasty_kobolds,
          serial_rivers, chequers_serial_rivers_micro_a,
          chequers_serial_rivers_micro_a, chequers_serial_rivers_micro_e,
          chequers_serial_rivers_micro_b, nicolae_ossuary_entry_ruins
D:6:      layout_loops_ring, grunt_nemelex_the_gamble,
          kennysheep_generic_room_10
D:7:      layout_rooms, mainiacjoe_overflow_alcove_1, serial_demonic,
          serial_demonic_b, serial_demonic_g, serial_demonic_b,
          serial_demonic_c, minmay_misc_feat_x
D:8:      old_forge, layout_gridville, uniq_maggie, uniq_erica, uniq_grum,
          uniq_maurice
D:9:      layout_loops_ring, mainiacjoe_overflow_small_starburst,
          erik_lair_island
D:10:     layout_basic, minmay_misc_feat_nine_boxes
D:11:     layout_roguey, david_orc_2, uniq_gastronok
D:12:     layout_roguey, uniq_snorg
D:13:     nicolae_cairo_tiling_large_dashed, layout_stronghold, david_vaults_1
D:14:     layout_basic, hangedman_abyss_or_decor_stabs
D:15:     grunt_enter_depths_magical_seal, layout_loops_ring,
          nicolae_qazlal_style_of_elements, lightli_church_of_beogh, uniq_kirke,
          uniq_louise

Skill      XL: |  1  2  3  4  5  6  7  8  9 10 11 12 13 |
---------------+----------------------------------------+-----
Axes           | 3 4 5 6 7 10 11 13 15 16 | 16.0
Fighting       | 5 9 11 13 16 | 16.0
Armour         | 5 8 11 13 14 | 14.7
Shields        | 4 6 8 10 11 | 11.7

Action                   |  1- 3 |  4- 6 |  7- 9 | 10-12 | 13-15 || total
-------------------------+-------+-------+-------+-------+-------++-------
Melee: War axe           |    71 |    99 |   269 |   380 |       ||   819
       Headbutt          |     4 |    17 |    55 |   135 |    65 ||   276
       Morningstar       |       |       |       |     2 |     6 ||     8
       Broad axe         |       |       |       |   153 |   212 ||   365
Invok: Lunge             |       |       |     8 |    38 |    12 ||    58
       Whirlwind         |       |       |     1 |     2 |     3 ||     6
  Use: Scroll            |     8 |     5 |     6 |    10 |     4 ||    33
       Potion            |       |     1 |       |     2 |     4 ||     7
 Stab: Held in net/web   |       |       |     1 |       |       ||     1
       Distracted        |       |       |       |     1 |       ||     1
Armor: Scale mail        |    19 |     1 |       |       |       ||    20
       Chain mail        |       |    47 |   122 |   300 |    73 ||   542
Dodge: Dodged            |    37 |    31 |    88 |   197 |    39 ||   392
Block: Buckler           |    17 |    27 |    52 |   162 |    42 ||   300
